 Dungeon Crawl Stone Soup version 0.30-b1-2-g02819fbbbe (webtiles) character file.

Game seed: 4364092449686238835

27962 LLlMATKO the Cleaver (level 13, -2/118 HPs)
             Began as a Minotaur Berserker on May 9, 2023.
             Was a High Priest of Trog.
             Slain by a vault guard
             ... wielding a +0 great mace
              (7 damage)
             ... on level 13 of the Dungeon.
             The game lasted 00:13:19 (13716 turns).

LLlMATKO the Cleaver (Minotaur Berserker)          Turns: 13716, Time: 00:13:19

Health: -2/118     AC: 17    Str: 24    XL:     13   Next: 7%
Magic:  12/12      EV: 16    Int:  2    God:    Trog [*****.]
Gold:   1046       SH: 17    Dex: 19    Spells: 12/12 levels left

rFire   . . .        J - +2 war axe
rCold   . . .        z - +0 kite shield
rNeg    . . .        L - +2 scale mail of Duty {Will++ Regen+ rCorr Int-2 SInv}
rPois   .            s - +1 hat
rElec   .            r - +0 cloak
rCorr   +            x - +2 pair of gloves
SInv    +            (no boots)
Will    ++...        T - amulet of reflection Stlth
                     m - +6 ring of dexterity
HPRegen 1.19/turn    (no ring)
MPRegen 0.13/turn

%: reflection
@: on berserk cooldown, slowed, very slow
A: horns 2, retaliatory headbutt
a: Renounce Religion, Berserk, Trog's Hand, Brothers in Arms


You were on level 13 of the Dungeon.
You worshipped Trog.
Trog was extremely pleased with you.
You visited 1 branch of the dungeon, and saw 13 of its levels.
You also visited: Sewer.

You collected 1046 gold pieces.

Inventory:

Hand Weapons
 u - a +0 sling
 G - a +2 whip of electrocution
 J - a +2 war axe (weapon)
Missiles
 q - 2 throwing nets
 w - 2 boomerangs (quivered)
 B - 26 poisoned darts
 N - 3 boomerangs of dispersal
Armour
 r - a +0 cloak (worn)
 s - a +1 hat (worn)
 x - a +2 pair of gloves (worn)
 z - a +0 kite shield (worn)
 L - the +2 scale mail of Duty (worn) {Will++ Regen+ rCorr Int-2 SInv}
   (You found it on level 8 of the Dungeon)

   Int:       It affects your intelligence (-2).
   SInv:      It lets you see invisible.
   Regen:     It increases your rate of health regeneration.
   rCorr:     It protects you from acid and corrosion.
   Will:      It greatly increases your willpower.
Jewellery
 m - a +6 ring of dexterity (left hand)
 R - a ring of ice
 T - an amulet of reflection (around neck)
Wands
 E - a wand of iceblast (10)
 F - a wand of flame (36)
 K - a wand of charming (4)
Scrolls
 c - 2 scrolls of fog
 d - 11 scrolls of identify
 e - a scroll of magic mapping
 k - a scroll of brand weapon {unknown}
 p - 3 scrolls of noise {unknown}
 t - 2 scrolls of enchant weapon {unknown}
 v - 3 scrolls of poison {unknown}
 A - a scroll of immolation {unknown}
 C - 2 scrolls of blinking {unknown}
 I - 3 scrolls of teleportation {unknown}
 O - a scroll of amnesia {unknown}
 P - 2 scrolls of vulnerability {unknown}
 Q - a scroll of silence {unknown}
Potions
 a - a potion of berserk rage {unknown}
 b - 2 potions of resistance {unknown}
 g - 4 potions of haste {unknown}
 h - 8 potions of heal wounds
 i - 6 potions of curing {unknown}
 j - 2 potions of brilliance {unknown}
 l - 4 potions of degeneration {unknown}
 n - 6 potions of attraction {unknown}
 o - 2 potions of lignification {unknown}
 D - 2 potions of might {unknown}
 H - 2 potions of flight {unknown}
 M - a potion of magic {unknown}
 S - a potion of cancellation {unknown}
 U - a potion of ambrosia {unknown}


   Skills:
 + Level 12.1 Fighting
 + Level 12.2 Axes
 + Level 9.8 Ranged Weapons
 + Level 11.9 Armour
 + Level 10.9 Dodging
 + Level 8.5 Shields


You had 12 spell levels left.
You didn't know any spells.
Your spell library was empty.

Dungeon Overview and Level Annotations

Branches:
Dungeon (13/15)            Temple (0/1) D:4            Lair (0/5) D:11
    Orc (0/2) D:9          Vaults (0/5) D:13          Sewer (visited)

Altars:
Fedhas
Okawaru
Xom
The Shining One
Lugonu

Shops:
D:10 ?

Annotations:
D:7 2 transporters
D:13 1 runed translucent door, CoolSool's ghost, adept MfGl


Innate Abilities, Weirdness & Mutations

You have a pair of horns on your head.
You reflexively headbutt those who attack you in melee.


Message History

You are too injured to fight recklessly!
Unknown command.
You are too injured to fight recklessly!
You hit the vault guard. You headbutt the vault guard.
The vault guard is moderately wounded.
You completely miss the vault guard. The vault guard barely misses you.
You block the vault guard's attack.
Unknown command.
You hit the vault guard.
The vault guard is moderately wounded.
You hit the vault guard. You block the vault guard's attack.
The vault guard closely misses you. You block the vault guard's attack.
The vault guard hits you but does no damage.
Unknown command.
You barely miss the vault guard.
The vault guard is moderately wounded.
You barely miss the vault guard. You block the vault guard's attack. x2
Unknown command.
You hit the vault guard but do no damage.
You headbutt the vault guard!
The vault guard is heavily wounded.
You barely miss the vault guard.
The vault guard hits you with a +0 great mace!
The vault guard hits you with a +0 war axe of flaming!
* * * LOW HITPOINT WARNING * * *
The vault guard burns you.
* * * LOW HITPOINT WARNING * * *
The vault guard hits you with a +0 great mace.
* * * LOW HITPOINT WARNING * * *
You block the vault guard's attack.
As you read the scroll of fog, it crumbles to dust.
The scroll dissolves into smoke.
The sentinel's mark upon you fades away.
You block the vault guard's attack.
The vault guard hits you with a +0 war axe of flaming!!
* * * LOW HITPOINT WARNING * * *
The vault guard burns you.
* * * LOW HITPOINT WARNING * * *
The vault guard hits you with a +0 great mace!
You die...

............#
#....... .
#####... ..
##############
#... ...
#.............
#...
....#.............
#...
.<'§§...........
#...
#.§§§.........
#...
#§§p§§........
#...
#.§p@†........
###.
#..§§§)....... #..
####...####### #.#
###.....# #.#
#####.# #.#
#.########+#
#....#......
####.#......
#.'......


You could see 2 vault guards.

Vanquished Creatures
  Rupert (D:12)
  A hydra (D:13)
  6 vault guards (D:13)
  A death knight (D:10)
  2 centaur warriors (D:13)
  2 two-headed ogres
  A catoblepas (D:13)
  2 boulder beetles (D:11)
  The ghost of phunky83 the Ruffian, a novice TrFi of Uskayaw (D:7)
  Pikel (D:6)
  A deep elf pyromancer (D:13)
  3 ugly things
  A manticore (D:13)
  A rust devil (D:10)
  A gargoyle (D:11)
  3 kobold demonologists (D:11)
  A red devil (D:10)
  4 trolls
  A hellwing (D:10)
  2 hornets
  9 slime creatures
  Sigmund (D:4)
  A vampire (D:9)
  A wraith (D:13)
  3 wyverns
  16 yaks
  17 vampire mosquitoes
  A chaos spawn (D:10)
  A neqoxec (D:10)
  2 wargs (D:11)
  An acid dragon (D:8)
  Duvessa (D:4)
  A water moccasin (D:5)
  5 orc warriors
  A black bear (D:8)
  An ice beast (D:6)
  7 centaurs
  4 ogres
  2 phantoms
  3 bullfrogs
  A gnoll sergeant (D:12)
  2 scorpions
  3 wights (D:7)
  Dowan (D:4)
  A howler monkey (D:5)
  3 quasits (D:10)
  3 hounds
  A gnoll bouda (D:5)
  2 jellies
  8 orc priests
  Terence (D:2)
  2 iguanas (D:4)
  18 orc wizards
  A hell rat (Sewer)
  18 gnolls
  5 adders
  A river rat (Sewer)
  2 shadow imps (D:7)
  A worm (D:6)
  A dart slug (D:2)
  54 orcs
  7 endoplasms
  2 giant cockroaches
  10 goblins
  11 hobgoblins
  4 jackals (D:2)
  7 kobolds
  5 quokkas
  6 ball pythons
  2 bats (D:1)
  5 frilled lizards
  8 rats
310 creatures vanquished.

Vanquished Creatures (others)
  5 dream sheep (D:4)
  A demonic plant (D:10)
  2 withered plants (D:13)
8 creatures vanquished.

Grand Total: 318 creatures vanquished

Notes
Turn   | Place    | Note
-------+----------+-------------------------------------------
     0 | D:1      | LLlMATKO the Minotaur Berserker began the quest for the
                  | Orb.
     0 | D:1      | Reached XP level 1. HP: 19/19 MP: 0/0
   159 | D:1      | Reached XP level 2. HP: 27/27 MP: 1/1
   414 | D:1      | Reached XP level 3. HP: 20/33 MP: 2/2
   882 | D:2      | Reached ** piety under Trog
  1100 | D:2      | Noticed Terence
  1117 | D:2      | Killed Terence
  1118 | D:2      | Reached XP level 4. HP: 41/41 MP: 3/3
  1621 | D:3      | Found a blossoming altar of Fedhas.
  1923 | D:3      | Reached XP level 5. HP: 47/47 MP: 4/4
  2477 | D:4      | Noticed Dowan
  2486 | D:4      | Killed Dowan
  2487 | D:4      | Reached skill level 5 in Fighting
  2487 | D:4      | Reached skill level 5 in Axes
  2625 | D:4      | Noticed Duvessa
  2636 | D:4      | Killed Duvessa
  2637 | D:4      | Reached XP level 6. HP: 23/56 MP: 5/5
  2838 | D:4      | Noticed Sigmund
  2844 | D:4      | Killed Sigmund
  2932 | D:4      | Reached skill level 5 in Armour
  2932 | D:4      | Reached XP level 7. HP: 51/62 MP: 6/6
  3108 | D:4      | Noticed a dream sheep
  3108 | D:4      | Noticed a dream sheep
  3108 | D:4      | Noticed a dream sheep
  3108 | D:4      | Noticed a dream sheep
  3108 | D:4      | Noticed a dream sheep
  3108 | D:4      | Found a shimmering altar of Xom.
  3112 | D:4      | Killed a dream sheep
  3112 | D:4      | Killed a dream sheep
  3112 | D:4      | Killed a dream sheep
  3112 | D:4      | Killed a dream sheep
  3113 | D:4      | Killed a dream sheep
  3126 | D:4      | Found a staircase to the Ecumenical Temple.
  3140 | D:4      | Reached *** piety under Trog
  3182 | D:4      | Found a glowing golden altar of the Shining One.
  3769 | D:5      | Entered Level 5 of the Dungeon
  3781 | D:5      | Reached skill level 1 in Ranged Weapons
  3782 | D:5      | Reached skill level 5 in Dodging
  3931 | D:5      | Reached XP level 8. HP: 57/71 MP: 7/7
  3996 | D:5      | Noticed a two-headed ogre
  4013 | D:5      | Killed a two-headed ogre
  4983 | D:6      | Found a glowing drain.
  4993 | Sewer    | Entered a sewer
  5024 | Sewer    | Reached XP level 9. HP: 79/79 MP: 8/8
  5280 | D:6      | Noticed Pikel
  5288 | D:6      | Killed Pikel
  6640 | D:7      | Noticed a purple ugly thing
  6641 | D:7      | Noticed a rime drake
  6645 | D:7      | Noticed a purple ugly thing
  6646 | D:7      | Noticed a red ugly thing
  6647 | D:7      | Found a transporter.
  6647 | D:7      | Found a corrupted altar of Lugonu.
  6647 | D:7      | Noticed a cyan ugly thing
  6725 | D:7      | Reached skill level 5 in Ranged Weapons
  6920 | D:7      | Found a runed translucent door.
  6920 | D:7      | Noticed phunky83's ghost (novice TrFi)
  7096 | D:7      | Found an iron altar of Okawaru.
  7202 | D:7      | Found a transporter.
  7204 | D:7      | Noticed an ancient zyme
  7205 | D:7      | Noticed a polar bear
  7205 | D:7      | a polar bear changed into a raiju
  7636 | D:7      | Killed phunky83's ghost
  7689 | D:7      | Noticed a fire dragon
  7754 | D:8      | Identified the +2 scale mail of Duty {Will++ Regen+ rCorr
                  | Int-2 SInv}
  7809 | D:8      | Reached **** piety under Trog
  8258 | D:8      | Reached XP level 10. HP: 90/90 MP: 9/9
  8624 | D:9      | Reached skill level 1 in Shields
  8794 | D:9      | Found a staircase to the Orcish Mines.
  9181 | D:10     | Entered Level 10 of the Dungeon
  9394 | D:10     | Noticed a rust devil
  9401 | D:10     | Lost intelligence.
  9424 | D:10     | Killed a rust devil
  9607 | D:10     | Noticed a death knight
  9617 | D:10     | Killed a death knight
  9618 | D:10     | Reached XP level 11. HP: 32/99 MP: 2/10
  9620 | D:10     | Reached skill level 10 in Axes
  9750 | D:10     | Reached skill level 10 in Fighting
  9943 | D:10     | Found Alegac's Magic Scroll Emporium.
  9951 | D:10     | Reached ***** piety under Trog
  9969 | D:10     | Noticed a two-headed ogre
  9976 | D:10     | Killed a two-headed ogre
 10178 | D:10     | Reached skill level 5 in Shields
 10479 | D:11     | Found a staircase to the Lair.
 10497 | D:11     | Reached skill level 10 in Armour
 10535 | D:11     | Noticed a brown ugly thing
 10543 | D:11     | Killed a brown ugly thing
 11025 | D:11     | Paralysed by a hornet for 1 turns
 11677 | D:12     | Noticed a boulder beetle
 11677 | D:12     | Noticed a boulder beetle
 11700 | D:11     | Killed a boulder beetle
 11715 | D:11     | Killed a boulder beetle
 11741 | D:12     | Reached XP level 12. HP: 108/108 MP: 11/11
 11818 | D:12     | You fall into a shaft and drop 1 floor!
 11876 | D:13     | Noticed a four-headed hydra
 11886 | D:13     | Killed a four-headed hydra
 11903 | D:13     | Noticed a catoblepas
 11925 | D:13     | Killed a catoblepas
 11926 | D:13     | Reached skill level 10 in Dodging
 12283 | D:12     | Noticed Rupert
 12298 | D:12     | Killed Rupert
 12781 | D:12     | Found the +5 Force Lance {heavy, knockback}
 12878 | D:13     | Noticed a centaur warrior
 12889 | D:13     | Killed a centaur warrior
 12948 | D:13     | Found a runed translucent door.
 12948 | D:13     | Noticed CoolSool's ghost (adept MfGl)
 13039 | D:13     | Noticed a centaur warrior
 13045 | D:13     | Killed a centaur warrior
 13190 | D:13     | Identified the +3 chain mail of Hedonism {+Blink Dex+2}
 13220 | D:13     | Noticed a vault guard
 13220 | D:13     | Noticed a vault guard
 13221 | D:13     | Found a gate to the Vaults.
 13221 | D:13     | Noticed a vault guard
 13221 | D:13     | Noticed a vault guard
 13221 | D:13     | Noticed a vault guard
 13221 | D:13     | Noticed a vault guard
 13221 | D:13     | Noticed a vault guard
 13222 | D:13     | Noticed a vault guard
 13387 | D:13     | Killed a vault guard
 13392 | D:13     | Killed a vault guard
 13444 | D:13     | Killed a vault guard
 13606 | D:13     | Killed a vault guard
 13657 | D:13     | Killed a vault guard
 13688 | D:13     | Received a gift from Trog
 13690 | D:13     | Reached XP level 13. HP: 111/118 MP: 12/12
 13715 | D:13     | HP: 5/118 [vault guard/+0 war axe of flaming (18)]
 13716 | D:13     | Slain by a vault guard

Illustrated notes

Levels and vault maps discovered:
D:1:      spicycebolla_arrival_ecumenical, layout_loops_ring
D:2:      layout_loops_ring, dk_noncrumbling_2, uniq_terence
D:3:      layout_loops_corners, fedhas_altar_2, corner_web_ring,
          cheibrodos_gnoll_hut
D:4:      layout_loops_corners, kennysheep_little_box, kb_xom_exploding_sheep,
          minmay_temple_entry_stoned_glass, uniq_duvessa, uniq_sigmund
D:5:      layout_rooms
D:6:      layout_basic, cheibrodos_sewer_entry_drain, uniq_pikel
D:7:      gammafunk_corrupted_shrine, layout_basic, okawaru_gym_becter,
          hellmonk_ghost_happy_afterlife
D:8:      layout_cave_pods
D:9:      layout_layer_cave, david_orc_3
D:10:     layout_roguey [special_room_orc], serial_demonic, serial_demonic_g,
          serial_demonic_f, serial_demonic_f, serial_demonic_e,
          serial_demonic_c, serial_demonic_c, serial_demonic_g, serial_shops,
          nicolae_shop_tiny_statue_garden, dk_vineyard_3
D:11:     layout_loops_corners, erik_lair_orcish_takeover
D:12:     layout_layer_cave, uniq_rupert
D:13:     layout_basic, erik_vaults_2, gammafunk_ghost_grave,
          minmay_misc_feat_iff, feat_on_display

Skill      XL: |  1  2  3  4  5  6  7  8  9 10 11 12 |
---------------+-------------------------------------+-----
Fighting       | 4 5 6 7 8 9 10 12 | 12.1
Axes           | 4 5 6 7 8 9 11 12 | 12.2
Armour         | 3 4 5 7 8 9 10 11 | 11.9
Dodging        | 3 4 5 6 7 8 9 10 | 10.9
Ranged Weapons | 2 4 5 7 8 9 |  9.8
Shields        | 4 6 8 |  8.5

Action                     |  1- 3 |  4- 6 |  7- 9 | 10-12 | 13-15 || total
---------------------------+-------+-------+-------+-------+-------++-------
  Melee: Hand axe          |    69 |    94 |   188 |       |       ||   351
         Headbutt          |    11 |    15 |    48 |   104 |    10 ||   188
         Punch             |       |       |     4 |       |       ||     4
         War axe           |       |       |    46 |   434 |    22 ||   502
         Whip              |       |       |       |     6 |       ||     6
  Throw: Boomerang         |       |       |       |    22 |       ||    22
         Dart              |       |       |       |     2 |       ||     2
 Invoke: Berserk           |     2 |     3 |     4 |    19 |       ||    28
         Trog's Hand       |       |       |     1 |     1 |       ||     2
    Use: Scroll            |       |       |     3 |     2 |     1 ||     6
 Armour: Animal skin       |    14 |     1 |       |       |       ||    15
         Scale mail        |       |    24 |    22 |   171 |     5 ||   222
         Chain mail        |       |       |    56 |       |       ||    56
  Dodge: Dodged            |    35 |    57 |   129 |   268 |    12 ||   501
  Block: Kite shield       |       |       |       |   291 |    20 ||   311
         Reflection        |       |       |       |    12 |       ||    12
